 Dungeon Crawl Stone Soup version 0.20.1-1-g8b1a95d (webtiles) character file.

48127 polve the Spry (level 14, -6/110 HPs)
             Began as a Merfolk Skald on July 18, 2017.
             Was a High Priest of Ashenzari.
             Mangled by a phantasmal warrior (9 damage)
             ... led by a death knight
             ... on level 10 of the Dungeon.
             The game lasted 00:39:37 (21426 turns).

polve the Spry (Merfolk Skald)                     Turns: 21426, Time: 00:39:37

Health: -6/110     AC: 18    Str: 12    XL:     14   Next: 45%
Magic:  15/22      EV: 28    Int: 26    God:    Ashenzari [*****.]
Gold:   1268       SH:  0    Dex: 22    Spells: 4/24 levels left

rFire    . . .     SeeInvis +   A - +3 spear "Avihuh" {drain, rPois rC- Int+8 Dex+8} (curse)
rCold    x . .     Gourm    .   (no shield)
rNeg     . . .     Faith    .   I - +3 troll leather armour (curse) {Snorg}
rPois    +         Spirit   .   (no helmet)
rElec    .         Reflect  .   (no cloak)
rCorr    .         Harm     .   l - +2 pair of gloves (curse)
MR       +....     Clarity  +   E - +0 pair of boots (curse)
Stlth    ++++......             x - amulet "Paicotei" {RegenMP Int+2 SInv} (curse)
Regen    0.7/turn               s - ring of poison resistance (curse)
MPRegen  0.3/turn               a - +6 ring of protection (curse)

@: infused (expiring)
A: change form in water, swift swim, stealthy swim
a: Curse Item, Scrying, Transfer Knowledge, Renounce Religion


You were on level 10 of the Dungeon.
You worshipped Ashenzari.
Ashenzari was extremely pleased with you.
You were not hungry.

You visited 4 branches of the dungeon, and saw 19 of its levels.
You visited the Abyss 1 time.

You collected 1268 gold pieces.

Inventory:

Hand Weapons
 A - the cursed +3 spear "Avihuh" (weapon) {drain, rPois rC- Int+8 Dex+8}
   (You found it on level 6 of the Dungeon)

   A truly terrible weapon, it drains the life of those it strikes.
   It affects your intelligence (+8).
   It affects your dexterity (+8).
   It makes you vulnerable to cold.
   It protects you from poison.
   It has a curse placed upon it.
 N - the cursed +8 halberd of Xesirisk {protect, Dex+5 Stlth-}
   (You found it on level 6 of the Lair of Beasts)

   It protects the one who uses it against injury (+AC on strike).
   It affects your dexterity (+5).
   It makes you less stealthy.
   It has a curse placed upon it.
Armour
 l - a cursed +2 pair of gloves (worn)
 E - a cursed +0 pair of boots (worn)
 I - a cursed +3 troll leather armour (worn) {Snorg}
Jewellery
 a - a cursed +6 ring of protection (right hand)
 s - a cursed ring of poison resistance (left hand)
 x - the cursed amulet "Paicotei" (around neck) {RegenMP Int+2 SInv}
   (You found it on level 4 of the Lair of Beasts)

   [amulet of magic regeneration]

   It increases your magic regeneration.
   It affects your intelligence (+2).
   It lets you see invisible.
   It has a curse placed upon it.
Wands
 C - a wand of scattershot (3/9)
Scrolls
 h - 6 scrolls of teleportation
 n - 2 scrolls of fear
 q - 2 scrolls of fog
 r - 3 scrolls of identify
 y - 6 scrolls of amnesia
 D - 7 scrolls of recharging
 H - a scroll of enchant weapon
 O - a scroll of magic mapping
Potions
 b - a potion of might {unknown}
 c - 3 potions of berserk rage
 e - 2 potions of mutation {unknown}
 f - 7 potions of curing
 i - 5 potions of heal wounds
 k - 3 potions of invisibility
 m - 5 potions of flight
 p - 6 potions of haste {unknown}
 t - 2 potions of lignification {unknown}
 u - 2 potions of ambrosia {unknown}
 v - 4 potions of agility {unknown}
 w - a potion of resistance {unknown}
 z - 2 potions of magic {unknown}
 B - 4 potions of degeneration {unknown}
 P - 2 potions of cancellation {unknown}
Comestibles
 d - 10 bread rations
 g - 6 meat rations
 j - 4 royal jellies
 o - 5 chunks of flesh
 G - 38 fruits


   Skills:
 - Level 10.0 Fighting
 - Level 14.9(18.4) Polearms
 - Level 6.4 Armour
 - Level 15.1(17.3) Dodging
 - Level 5.0(7.6) Stealth
 + Level 5.6 Spellcasting
 - Level 6.0(10.0) Hexes
 - Level 8.0(12.0) Charms
 - Level 4.1(7.9) Necromancy
 - Level 4.0(7.7) Translocations
 + Level 5.9(9.9) Evocations


You had 4 spell levels left.
You knew the following spells:

 Your Spells              Type           Power        Failure   Level  Hunger
a - Infusion              Chrm           ####         1%          1    None
b - Shroud of Golubria    Chrm/Tloc      ######....   1%          2    None
c - Spectral Weapon       Hex/Chrm       ######..     1%          3    #......
d - Song of Slaying       Chrm           ######..     1%          2    None
e - Regeneration          Chrm/Necr      ######....   1%          3    #......
f - Corpse Rot            Necr           N/A          1%          2    None
g - Excruciating Wounds   Chrm/Necr      ######....   4%          5    #####..
h - Sublimation of Blood  Necr           #####.....   1%          2    None


Dungeon Overview and Level Annotations

Branches:
Dungeon (10/15)            Temple (1/1) D:4            Lair (6/6) D:8
  Swamp (2/4) Lair:3        Snake (0/4) Lair:4        Slime (0/5) Lair:5
    Orc: D:9-12

Altars:
Ashenzari
Cheibriados
Elyvilon
Fedhas
Gozag
Hepliaklqana
Kikubaaqudgha
Makhleb
Nemelex Xobeh
Okawaru
Qazlal
Ru
Sif Muna
Trog
Uskayaw
Vehumet
Xom
Yredelemnul
Zin
The Shining One
Jiyva

Shops:
D:4 !   D:5 :!(!:   D:6 !

Annotations:
Lair:1 exclusion: oklob plant
Lair:5 1 runed door


Message History

* * * LOW HITPOINT WARNING * * *
The phantasmal warrior hits you!
* * * LOW HITPOINT WARNING * * *
The phantasmal warrior hits you!
* * * LOW HITPOINT WARNING * * *
Your shroud falls apart!
The death knight hits your spectral weapon with a great mace!!
Your spectral weapon shares its damage with you!
Your spectral weapon fades away.
* * * LOW HITPOINT WARNING * * *
Things that are here:
a +0 hand axe; a +0 dagger; an orc corpse
As you read the scroll of fear, it crumbles to dust.
You assume a fearsome visage.
The death knight looks frightened!
The phantasmal warrior is unaffected.
The wraith is unaffected.
The freezing wraith is unaffected.
The phantasmal warrior completely misses you.
Your magical infusion is running out.
The phantasmal warrior hits you!
You die...

, ,** ***
........... ,, , ,
* ,#.........., , ,
, #....^..... , , *
* * #.........., ,,
* , ,,** ,
,,#..<..).... , ,,
* , * * *
##......... ,, , ,,
, ,, #####.....##.
,,, ,, ,, ,,
*#..!.......# , * *
,, **,
#..).@.....#*,*, ,,
**,,,,,
#...)W.....# ,*,**
, , , , *,
*#...W......#* , **
,, ,,
*#.......W....... ,
*, , ,
,,,......p.........
, **,, ,
**##.#.....[......
., * , ,
#.#).........#... ,
, * ,
#,....##.#####.,,,*
,, ***** *
.$##....##... , ,
** *


You could see a death knight (fleeing), a phantasmal warrior, a freezing wraith
and a wraith.

Vanquished Creatures
  Louise (Swamp:1)
  6 dire elephants (Lair:6)
  Snorg (Lair:4)
  Harold (Lair:1)
  7 hydras
  An anaconda (Lair:6)
  3 alligators
  A two-headed ogre (D:8)
  6 death yaks (Lair:2)
  Nergalle (Lair:3)
  A swamp dragon (Swamp:1)
  A spriggan druid (Swamp:2)
  20 elephants
  6 black mambas
  8 spiny frogs
  A komodo dragon (Lair:2)
  An ancient zyme (Swamp:1)
  A rime drake (Lair:6)
  A tyrant leech (Swamp:2)
  5 dream sheep (Lair:6)
  4 blink frogs (Lair:5)
  5 bog bodies (Swamp:1)
  2 hippogriffs
  A hornet (D:9)
  2 shadows (Swamp:1)
  2 spriggans (Lair:4)
  4 vampire mosquitoes
  16 yaks
  3 insubstantial wisps (Lair:3)
  3 nagas (Lair:4)
  4 swamp worms (Swamp:1)
  10 water moccasins
  10 porcupines
  5 orc warriors
  2 sky beasts (D:9)
  2 black bears
  2 ice beasts
  13 ogres
  4 centaurs
  3 wolves (Lair:4)
  A big kobold (D:8)
  5 crocodiles
  16 bullfrogs
  A gnoll sergeant (D:9)
  A wyvern zombie (D:8)
  2 scorpions
  3 crimson imps
  A bullfrog zombie (D:7)
  A bullfrog skeleton (D:7)
  4 hounds
  A jelly (D:9)
  8 orc priests
  4 iguanas
  8 orc wizards
  2 hell rats (D:8)
  6 worker ants
  A howler monkey skeleton (D:8)
  4 gnolls (D:9)
  16 adders
  An ooze (D:1)
  2 adder skeletons
  A dart slug (D:1)
  2 leopard geckos
  31 orcs
  2 ball pythons
  8 goblins
  11 hobgoblins
  5 jackals
  9 kobolds
  5 quokkas
  9 bats
  2 frilled lizards
  A leopard gecko skeleton (D:4)
  12 rats
  2 plants (Lair:6)
358 creatures vanquished.

Vanquished Creatures (others)
  A bush (D:7)
  9 fungi
  2 plants
  2 spectral weapons
  4 withered plants (Swamp:1)
18 creatures vanquished.

Grand Total: 376 creatures vanquished

Notes
Turn   | Place    | Note
-------+----------+-------------------------------------------
     0 | D:1      | polve the Merfolk Skald began the quest for the Orb.
     0 | D:1      | Reached XP level 1. HP: 16/16 MP: 3/3
   148 | D:1      | Reached XP level 2. HP: 12/22 MP: 5/5
   643 | D:1      | Learned a level 2 spell: Shroud of Golubria
   711 | D:1      | Reached XP level 3. HP: 25/27 MP: 6/6
  1236 | D:2      | Found an ancient bone altar of Kikubaaqudgha.
  1271 | D:2      | Reached skill level 1 in Translocations
  1319 | D:2      | Reached XP level 4. HP: 13/33 MP: 4/7
  1872 | D:2      | You fall through a shaft!
  2037 | D:3      | Noticed a centaur
  2051 | D:3      | Killed a centaur
  2051 | D:3      | Reached skill level 5 in Polearms
  2051 | D:3      | Reached XP level 5. HP: 10/38 MP: 0/8
  2455 | D:3      | Noticed an ogre
  2464 | D:3      | Killed an ogre
  2464 | D:3      | Reached XP level 6. HP: 28/44 MP: 1/9
  3399 | D:3      | Learned a level 2 spell: Song of Slaying
  3404 | D:3      | Learned a level 3 spell: Spectral Weapon
  3595 | D:4      | Found a staircase to the Ecumenical Temple.
  3603 | D:4      | Found Hatritt's Assorted Antiques.
  3610 | Temple   | Entered the Ecumenical Temple
  3843 | Temple   | Became a worshipper of Ashenzari the Shackled
  3926 | D:4      | Reached skill level 5 in Charms
  4263 | D:4      | Reached XP level 7. HP: 36/50 MP: 5/10
  4497 | D:4      | Found Vestrag's Distillery.
  5779 | D:5      | Entered Level 5 of the Dungeon
  5870 | D:5      | Reached skill level 1 in Hexes
  5870 | D:5      | Reached XP level 8. HP: 35/56 MP: 2/11
  6152 | D:5      | Found Ickywkun's Distillery.
  6163 | D:5      | Found an opulent altar of Gozag.
  6298 | D:5      | Found Zoenneg's Distillery.
  6318 | D:5      | Found Ywoargh's Book Shop.
  6319 | D:5      | Found a snail-covered altar of Cheibriados.
  6360 | D:5      | Found Miedi's Weapon Shop.
  6380 | D:5      | Found Vumeatt's Book Shoppe.
  6858 | D:5      | Found a deep blue altar of Sif Muna.
  6858 | D:5      | Found a sacrificial altar of Ru.
  7398 | D:6      | Found Sakkaf's Distillery.
  7669 | D:6      | Found an opulent altar of Gozag.
  7669 | D:6      | Found a sparkling altar of Nemelex Xobeh.
  7994 | D:6      | Got the cursed spear "Avihuh" {drain, rPois rC- Int+8 Dex+8}
  7995 | D:6      | Identified the cursed +3 spear "Avihuh" {drain, rPois rC- Int+8 Dex+8} (You found it on level 6 of the Dungeon)
  8045 | D:6      | Found a glowing silver altar of Zin.
  8499 | D:7      | Reached * piety under Ashenzari
  8557 | D:7      | Reached XP level 9. HP: 43/61 MP: 8/12
  8788 | D:7      | Reached skill level 10 in Polearms
  8788 | D:7      | Reached skill level 5 in Hexes
 10243 | D:8      | Reached skill level 3 in Dodging
 10289 | D:8      | Noticed a death yak
 10315 | D:8      | Noticed a death yak
 10319 | D:8      | Noticed a death yak
 10773 | D:8      | Reached skill level 4 in Dodging
 10857 | D:8      | Found a staircase to the Lair.
 10902 | D:8      | Noticed a two-headed ogre
 10920 | D:8      | Killed a two-headed ogre
 10920 | D:8      | Reached skill level 5 in Dodging
 10920 | D:8      | Reached XP level 10. HP: 51/73 MP: 7/13
 11089 | D:8      | Found a hazy altar of Hepliaklqana.
 11282 | Lair:1   | Entered Level 1 of the Lair of Beasts
 11368 | Lair:1   | Reached skill level 5 in Fighting
 11368 | Lair:1   | Reached skill level 6 in Dodging
 11522 | Lair:1   | Reached skill level 7 in Dodging
 11648 | Lair:1   | Noticed a spiny frog
 11654 | Lair:1   | Killed a spiny frog
 11796 | Lair:1   | Noticed Harold
 11814 | Lair:1   | Killed Harold
 11814 | Lair:1   | Reached skill level 8 in Dodging
 12001 | Lair:1   | Noticed a six-headed hydra
 12010 | Lair:1   | Killed a six-headed hydra
 12010 | Lair:1   | Reached XP level 11. HP: 84/84 MP: 4/14
 12150 | Lair:1   | Noticed an eight-headed hydra
 12163 | Lair:1   | Killed an eight-headed hydra
 12477 | Lair:1   | Reached skill level 9 in Dodging
 12532 | Lair:1   | Noticed an oklob plant
 12813 | Lair:2   | Reached ** piety under Ashenzari
 12898 | Lair:2   | Reached skill level 10 in Dodging
 13107 | Lair:2   | Noticed a death yak
 13108 | Lair:2   | Noticed a death yak
 13109 | Lair:2   | Noticed a death yak
 13109 | Lair:2   | Noticed a death yak
 13109 | Lair:2   | Noticed a death yak
 13187 | Lair:2   | Killed a death yak
 13203 | Lair:2   | Killed a death yak
 13296 | Lair:2   | Reached skill level 11 in Dodging
 13343 | Lair:2   | Noticed a death yak
 13365 | Lair:2   | Killed a death yak
 13379 | Lair:2   | Killed a death yak
 13379 | Lair:2   | Reached XP level 12. HP: 83/97 MP: 0/15
 13391 | Lair:2   | Killed a death yak
 13391 | Lair:2   | Reached skill level 10 in Fighting
 13421 | Lair:2   | Killed a death yak
 13421 | Lair:2   | Reached skill level 12 in Dodging
 14052 | Lair:3   | Noticed Nergalle
 14082 | Lair:3   | Killed Nergalle
 14243 | Lair:3   | Noticed a five-headed hydra
 14250 | Lair:3   | Killed a five-headed hydra
 14250 | Lair:3   | Reached skill level 13 in Dodging
 14750 | Lair:3   | Reached *** piety under Ashenzari
 14865 | Lair:3   | Found a staircase to the Swamp.
 15042 | Lair:3   | Noticed a four-headed hydra
 15049 | Lair:3   | Killed a four-headed hydra
 15049 | Lair:3   | Reached skill level 14 in Dodging
 15054 | Lair:3   | Learned a level 3 spell: Regeneration
 15571 | Lair:4   | Noticed a seven-headed hydra
 15578 | Lair:4   | Killed a seven-headed hydra
 16035 | Lair:4   | Reached skill level 15 in Dodging
 16273 | Lair:4   | Noticed Snorg
 16284 | Lair:4   | Killed Snorg
 16432 | Lair:4   | Identified the amulet "Paicotei" {RegenMP Int+2 SInv}
 16454 | Lair:4   | Reached skill level 1 in Armour
 16527 | Lair:4   | Found a staircase to the Snake Pit.
 16635 | Lair:4   | Reached **** piety under Ashenzari
 17031 | Lair:5   | Reached XP level 13. HP: 97/103 MP: 16/16
 17481 | Lair:5   | Reached skill level 5 in Armour
 17912 | Lair:5   | Identified the cursed +0 scale mail of the Peculiar Wishes {Regen+ MP+9 Int-3}
 17924 | Lair:5   | Found a runed door.
 17925 | Lair:5   | Found a viscous altar of Jiyva.
 17926 | Lair:5   | Noticed an acid blob
 17927 | Lair:5   | Found a staircase to the Slime Pits.
 18026 | Lair:5   | Reached ***** piety under Ashenzari
 18165 | Lair:6   | Entered Level 6 of the Lair of Beasts
 18398 | Lair:6   | Reached skill level 1 in Stealth
 18400 | Lair:6   | Reached skill level 1 in Evocations
 18434 | Lair:6   | Reached skill level 1 in Necromancy
 19000 | Lair:6   | Noticed a dire elephant
 19018 | Lair:6   | Killed a dire elephant
 19052 | Lair:6   | Noticed a dire elephant
 19052 | Lair:6   | Noticed a dire elephant
 19053 | Lair:6   | Identified the ring "Weib" {-Tele +Inv MR+ Int+3 Slay+2}
 19053 | Lair:6   | Identified the cursed +8 halberd of Xesirisk {protect, Dex+5 Stlth-}
 19070 | Lair:6   | Killed a dire elephant
 19090 | Lair:6   | Killed a dire elephant
 19179 | Lair:6   | Noticed a dire elephant
 19183 | Lair:6   | Noticed a dire elephant
 19198 | Lair:6   | Killed a dire elephant
 19203 | Lair:6   | Noticed a dire elephant
 19214 | Lair:6   | Killed a dire elephant
 19233 | Lair:6   | Killed a dire elephant
 19233 | Lair:6   | Reached XP level 14. HP: 90/110 MP: 5/19
 19536 | Swamp:1  | Entered Level 1 of the Swamp
 19574 | Lair:3   | Reached skill level 5 in Stealth
 19891 | Swamp:1  | Noticed Louise
 19935 | Swamp:1  | Cast into level 2 of the Abyss (Louise)
 20144 | Abyss:3  | Noticed a cacodemon
 20272 | Swamp:1  | Escaped the Abyss
 20283 | Swamp:1  | Killed Louise
 20283 | Swamp:1  | Reached skill level 5 in Evocations
 20382 | Swamp:1  | Reached skill level 5 in Spellcasting
 20394 | Swamp:1  | HP: 2/110 [bog body (6)]
 20639 | Swamp:2  | Learned a level 2 spell: Corpse Rot
 20645 | Swamp:2  | Learned a level 5 spell: Excruciating Wounds
 20648 | Swamp:2  | Learned a level 2 spell: Sublimation of Blood
 20856 | D:9      | Found a hide-covered altar of Uskayaw.
 21319 | D:10     | Entered Level 10 of the Dungeon
 21424 | D:10     | HP: 1/110 [death knight/great mace (9)]
 21426 | D:10     | Mangled by a phantasmal warrior

Skill      XL: |  1  2  3  4  5  6  7  8  9 10 11 12 13 14 |
---------------+-------------------------------------------+-----
Charms         | 4 5 6 7 8 |  8.0
Polearms       | 4 5 6 7 8 9 12 13 14 | 14.9
Translocations | 1 2 3 4 |  4.0
Hexes          | 1 4 6 |  6.0
Dodging        | 5 8 11 15 | 15.1
Fighting       | 4 7 9 10 | 10.0
Armour         | 2 6 |  6.4
Stealth        | 4 5 |  5.0
Evocations     | 3 5 |  5.9
Necromancy     | 3 4 |  4.1
Spellcasting   | 3 5 |  5.6

Action                   |  1- 3 |  4- 6 |  7- 9 | 10-12 | 13-15 || total
-------------------------+-------+-------+-------+-------+-------++-------
Melee: Spear             |   149 |   161 |   364 |   649 |   894 ||  2217
       Trident           |       |       |   144 |       |       ||   144
       Tailslap          |       |       |       |       |    18 ||    18
 Cast: Infusion          |     2 |     9 |    24 |    14 |     9 ||    58
       Shroud of Golubri |       |     1 |     7 |    14 |     9 ||    31
       Spectral Weapon   |       |       |    14 |    16 |    20 ||    50
       Song of Slaying   |       |       |     2 |     3 |     6 ||    11
Invok: Curse Item        |       |       |       |     5 |     1 ||     6
  Use: Potion            |       |     2 |     1 |       |       ||     3
       Scroll            |       |       |     1 |     6 |    12 ||    19
 Stab: Sleeping          |       |       |     2 |     1 |     5 ||     8
       Distracted        |       |       |     3 |     7 |    15 ||    25
  Eat: Chunk             |     1 |     7 |    20 |    19 |    14 ||    61
       Meat ration       |       |     1 |       |       |       ||     1
       Fruit             |       |       |     1 |       |     1 ||     2
       Royal jelly       |       |       |       |     2 |       ||     2
Armor: Leather armour    |    27 |    28 |   103 |    70 |       ||   228
       Troll leather arm |       |       |       |     8 |   108 ||   116
Dodge: Dodged            |    66 |    79 |   205 |   372 |   732 ||  1454
